Map: Dusk Towers

Players

Pokebunny - Winner!

  • Race: Terran Terran
  • League: Grandmaster

Dankilicious

  • Race: Zerg Zerg
  • League: Master

VOD

Have the link to the VOD?

Description

Time

  • Played on: April 6, 2016, 1:09 p.m.
  • Length: 10:48
Show
View Real Time Build Order
Export as new Build Order

Pokebunny Terran - Winner!

Build Orders: Reaper Expand, MMM Bio 

Get SALT Encoding   

  12  0:01  SCV  
  13  0:13  SCV  
  14  0:17  Supply Depot  
  14  0:25  SCV  
  15  0:31  Refinery  
  15  0:39  SCV  
  15  0:40  Barracks  
  16  0:44  Refinery  
  16  0:51  SCV  
  17  1:03  SCV  
  18  1:15  SCV  
  19  1:28  Reaper, Orbital Command  
  20  1:41  Command Center  
  20  1:54  SCV  
  21  1:56  Supply Depot  
  21  2:05  Barracks Reactor  
  21  2:06  SCV  
  22  2:09  Barracks  
  22  2:18  SCV  
  22  2:19  Barracks  
  23  2:35  SCV  
  23  2:37  Refinery  
  24  2:41  Marine x2  
  26  2:47  SCV  
  27  2:53  Orbital Command  
  27  2:56  Barracks Tech Lab, Factory  
  27  3:01  SCV  
  27  3:05  Marine  
  29  3:07  Barracks Tech Lab  
  29  3:10  Marine x2  
  31  3:14  SCV  
  32  3:21  SCV, Stimpack  
  32  3:23  Marine  
  34  3:29  Marine x2  
  34  3:32  Marine  
  37  3:41  Starport, Factory Reactor  
  37  3:43  SCV x2  
  37  3:45  Supply Depot  
  37  3:47  Marine  
  40  3:53  Marine  
  41  3:56  Marine x2  
  41  3:59  SCV x2  
  45  4:07  Engineering Bay, Marine  
  46  4:11  Marine  
  46  4:14  Marine, SCV  
  46  4:15  SCV  
  50  4:20  Supply Depot  
  50  4:28  Medivac x2  
  54  4:36  Terran Infantry Weapons Level 1  
  54  4:38  Supply Depot  
  54  4:41  Marine x3  
  54  4:42  SCV x2  
  54  4:45  Barracks Reactor  
  59  4:54  Factory Tech Lab  
  59  4:55  Barracks x2  
  59  4:56  Refinery  
  59  5:03  Marine x3  
  55  5:22  Marine x5  
  55  5:25  Combat Shields  
  55  5:28  SCV x2  
  52  5:38  Supply Depot  
  52  5:40  Marine  
  52  5:41  SCV  
  52  5:42  Marine x2, SCV  
  56  5:43  Marine x3  
  56  5:48  Siege Tank  
  63  5:56  Marine  
  64  5:59  Marine  
  64  6:00  Marine x2  
  65  6:07  Marine x2  
  65  6:08  Marine  
  49  6:14  Marine  
  29  6:37  Marine, SCV x2  
  29  6:38  Marine x5  
  29  6:39  Medivac x2  
  41  6:43  Marine  
  42  6:47  Siege Tank  
  42  6:50  SCV x2  
  47  7:13  Marine x4  
  47  7:14  Marine x3  
  47  7:15  Medivac  
  56  7:20  SCV x2  
  57  7:30  Supply Depot  
  57  7:32  SCV  
  57  7:33  Marine, SCV  
  60  7:42  Supply Depot  
  60  7:57  Marine x2  
  56  7:58  Siege Tank, Marine x3  
  56  7:59  SCV x2  
  61  8:12  Terran Infantry Armor Level 1  
  61  8:13  SCV  
  61  8:14  SCV  
  61  8:30  Marine  
  61  8:32  Siege Tank  
  65  8:35  Marine x3  
  65  8:36  Marine x3  
  65  8:38  SCV x2  
  73  8:48  Marine  
  73  8:52  Command Center  
  74  8:57  Marine x3  
  77  9:06  Siege Tank  
  77  9:07  SCV  
  81  9:10  SCV  
  81  9:12  Marine x2  
  84  9:24  Marine x2  
  84  9:28  Marine x3  
  84  9:34  Marine  
  84  9:35  Marine  
  86  9:39  Supply Depot  
  86  9:43  Supply Depot  
  86  9:56  Supply Depot  
  77  10:00  Supply Depot  
  77  10:01  SCV x2  
  77  10:05  Siege Tank, Marine  
  82  10:13  Supply Depot  
  82  10:15  Supply Depot  
Show
View Real Time Build Order
Export as new Build Order

Dankilicious Zerg 

Build Orders: Hatch First 

Get SALT Encoding   

  12  0:01  Drone  
  13  0:13  Overlord  
  13  0:17  Drone  
  14  0:24  Extractor  
  14  0:25  Drone  
  15  0:33  Drone  
  16  0:37  Drone  
  17  0:54  Hatchery  
  16  0:57  Drone  
  16  1:01  Drone  
  18  1:15  Spawning Pool  
  18  1:17  Drone  
  18  1:20  Drone  
  19  1:29  Drone  
  20  1:42  Hatchery  
  19  1:47  Drone  
  19  1:52  Overlord  
  20  2:02  Zergling x2  
  20  2:06  Queen  
  20  2:07  Zergling x2  
  24  2:14  Queen  
  26  2:17  Zergling x2  
  28  2:22  Drone  
  28  2:23  Drone  
  29  2:32  Drone  
  29  2:34  Drone  
  30  2:37  Spore Crawler  
  30  2:39  Drone  
  30  2:46  Spore Crawler  
  30  2:52  Overlord  
  30  2:54  Queen  
  30  2:55  Drone  
  30  2:56  Drone x2  
  36  2:59  Extractor x2  
  36  3:02  Queen  
  36  3:08  Drone  
  36  3:09  Drone x2  
  39  3:17  Drone x3  
  42  3:29  Drone x2  
  44  3:41  Drone x2  
  44  3:42  Drone  
  44  3:43  Overlord  
  44  3:44  Metabolic Boost  
  47  3:49  Drone  
  47  3:53  Overlord x2  
  48  4:05  Baneling Nest  
  48  4:06  Drone  
  48  4:07  Overlord x2  
  48  4:09  Zergling x2  
  49  4:10  Zergling x8  
  49  4:15  Zergling x4  
  49  4:16  Zergling x2  
  56  4:23  Zergling x2  
  56  4:24  Zergling x8  
  61  4:37  Overlord  
  61  4:38  Zergling x2  
  61  4:39  Zergling x12  
  61  4:45  Zergling x2  
  69  4:48  Zergling x2  
  69  4:51  Zergling x2  
  71  4:55  Zergling x6  
  74  5:02  Zergling x6  
  74  5:05  Zergling x6  
  74  5:06  Zergling x6  
  83  5:20  Zergling x8  
  77  5:28  Zergling x10  
  80  5:33  Baneling x2  
  80  5:34  Baneling x16  
  80  5:36  Baneling x3  
  80  5:40  Zergling x4  
  82  5:48  Zergling x10  
  87  5:54  Zergling x2  
  82  6:09  Zergling x20  
  70  6:31  Zergling x6  
  70  6:32  Zergling x6  
  63  6:40  Zergling x2  
  63  6:41  Zergling x4  
  63  6:42  Baneling x5  
  63  6:43  Baneling x5  
  63  6:44  Baneling x6  
  66  6:47  Zergling x4  
  66  6:51  Zergling x2  
  69  6:58  Zergling x4  
  69  7:04  Zergling x2  
  68  7:12  Zergling x2  
  68  7:13  Zergling x16  
  68  7:24  Zergling x6  
  68  7:26  Zergling x4  
  69  7:31  Zergling x2  
  69  7:33  Hatchery  
  69  7:34  Zergling x6  
  69  7:35  Zergling x4  
  74  7:39  Zergling x4  
  74  7:40  Zergling x8  
  77  7:48  Zergling x2  
  76  7:57  Zergling x2  
  76  7:58  Zergling x2  
  61  8:02  Zergling x4  
  61  8:03  Zergling x4  
  61  8:05  Baneling x11  
  65  8:08  Zergling x8  
  59  8:27  Zergling x8  
  59  8:28  Zergling x10  
  59  8:32  Zergling x2  
  59  8:33  Zergling x8  
  68  8:50  Zergling x2  
  68  8:51  Zergling x14  
  76  8:58  Zergling x6  
  78  9:03  Zergling x14  
  78  9:04  Zergling x2  
  78  9:08  Baneling x5  
  78  9:09  Baneling  
  86  9:13  Baneling x2  
  86  9:14  Baneling x4  
  80  9:30  Zergling x2  
  80  9:31  Zergling x18  
  83  9:38  Baneling x3  
  83  9:39  Baneling  
  79  9:52  Zergling x12  
  74  9:53  Zergling x10  
  60  10:00  Zergling x2  
  60  10:01  Zergling x6  
  60  10:07  Zergling x2  
  60  10:08  Zergling x4  
  60  10:09  Zergling x2  
  60  10:12  Baneling  
  60  10:13  Baneling x5  
  60  10:14  Baneling x4  
  63  10:15  Baneling  
  63  10:16  Baneling  
  63  10:18  Zergling x2  
  63  10:23  Zergling x2  
  63  10:24  Zergling x6  
Tags
 
Add a new tag
Caveats
  • Supply blocks, unpowered buildings, or Contaminate may cause inaccurate times.
  • Supply counts are checked every 10 seconds.